 Dungeon Crawl Stone Soup version 0.28.0-53-g5a82cb258f (webtiles) character file.

Game seed: 1489681077836206634

1085 DuloT34 the Digger (level 8, 0/54 HPs)
             Began as an Octopode Earth Elementalist on June 9, 2022.
             Was an Initiate of Gozag.
             Killed from afar by Dowan (15 damage)
             ... with a shard of ice
             ... on level 5 of the Dungeon.
             The game lasted 00:15:23 (7252 turns).

DuloT34 the Digger (Octopode Earth Elementalist)    Turns: 7252, Time: 00:15:24

Health: 0/54       AC:  1    Str: 10    XL:     8   Next: 30%
Magic:  3/15       EV: 14    Int: 19    God:    Gozag
Gold:   115        SH:  0    Dex: 12    Spells: 6/16 levels left

rFire   . . .      SeeInvis .   g - +5 long sword "Gaxoton" {speed, Str+2}
rCold   . . .      Faith    .   (no shield)
rNeg    . . .      Spirit   .   (helmet restricted)
rPois   .          Reflect  .   (no amulet)
rElec   .          Harm     .   (no ring)
rCorr   .          Rampage  .   (no ring)
Will    .....                   (no ring)
Stlth   +++.......              (no ring)
HPRegen 0.18/turn               (no ring)
MPRegen 0.14/turn               (no ring)
                                (no ring)
                                (no ring)

@: gold aura
A: almost no armour, amphibious, 8 rings, camouflage 1, gelatinous body 1,
(nimble swimmer 1), tentacles
a: Renounce Religion, Potion Petition, Call Merchant, Bribe Branch


You were on level 5 of the Dungeon.
You worshipped Gozag.
Gozag was aware of your devotion.
You visited 2 branches of the dungeon, and saw 7 of its levels.

You collected 183 gold pieces.
You paid 68 gold pieces to Gozag.

Inventory:

Hand Weapons
 g - the +5 long sword "Gaxoton" (weapon) {speed, Str+2}
   (You found it on level 2 of the Dungeon)

   Attacks with this weapon are significantly faster.
   Str:       It affects your strength (+2).
Missiles
 b - 99 stones
 f - 12 boomerangs (quivered)
Jewellery
 p - a ring of flight
 q - an amulet of the acrobat
Wands
 r - a wand of paralysis (6)
Scrolls
 d - 2 scrolls of noise
 e - a scroll of amnesia {unknown}
 h - a scroll of identify
 k - a scroll of teleportation
 o - a scroll of silence {unknown}
 s - a scroll of blinking {unknown}
Potions
 a - a potion of mutation {unknown}
 c - 3 potions of heal wounds
 i - a potion of degeneration {unknown}
 j - 2 potions of haste {unknown}
 l - a potion of flight {unknown}
 m - a potion of berserk rage {unknown}
 n - a potion of brilliance {unknown}


   Skills:
 + Level 4.1 Fighting
 + Level 5.2 Dodging
 - Level 2.6 Stealth
 + Level 4.8 Spellcasting
 - Level 1.0 Transmutations
 + Level 5.6 Earth Magic


You had 6 spell levels left.
You knew the following spells:

 Your Spells              Type           Power      Damage    Failure   Level
a - Sandblast             Erth           52%        2d12      1%          1
b - Stone Arrow           Conj/Erth      30%        3d8       12%         3
c - Passwall              Tmut/Erth      14%        N/A       4%          2
d - Petrify               Tmut/Erth      17%        N/A       32%         4

Your spell library contained the following spells:

 Spells                   Type           Power      Damage    Failure   Level
 Sting                    Tmut/Pois      24%        1d4       11%         1
 Animate Skeleton         Necr           8%         N/A       13%         1
 Apportation              Tloc           8%         N/A       13%         1
 Summon Small Mammal      Summ           16%        N/A       13%         1


Dungeon Overview and Level Annotations

Branches:
Dungeon (6/15)             Temple (1/1) D:5

Altars:
Gozag
Hepliaklqana
Kikubaaqudgha
Makhleb
Okawaru
Qazlal

Annotations:
D:5 Dowan


Innate Abilities, Weirdness & Mutations

You cannot wear most types of armour.
You are amphibious.
You can wear up to eight rings at the same time.
Your skin changes colour to match your surroundings (Stealth+).
Your rubbery body absorbs attacks. (AC +1, EV +1)
((You are camouflaged when in or above water. (Stealth+)))
You have tentacles for arms and can constrict up to eight enemies at once.


Message History

Dowan gestures wildly while chanting.
Dowan blinks!
The helpless Duvessa fails to defend herself.
You hit Duvessa but do no damage. You squeeze Duvessa.
Duvessa is almost dead.
You constrict Duvessa. Dowan completely misses you.
The helpless Duvessa fails to defend herself.
You hit Duvessa.
Duvessa is almost dead.
You constrict Duvessa.
Dowan points at you and mumbles some strange words.
The puff of frost hits you!
The helpless Duvessa fails to defend herself.
You hit Duvessa.
You kill Duvessa!
Dowan seems overcome with grief.
Dowan seems to find hidden reserves of power!
Dowan hits you with a +0 dagger.
Dowan points at you and mumbles some strange words.
The stone arrow hits you!
Your Fighting skill increases to level 4!
You hit Dowan. Your grab misses Dowan.
Your tentacle-slap misses Dowan.
Dowan is lightly wounded.
Dowan misses you.
You slash Dowan! Your grab misses Dowan.
Dowan is severely wounded.
Dowan points at you and mumbles some strange words.
The stone arrow hits you! Dowan hits you with a +0 dagger.
* * * LOW HITPOINT WARNING * * *
Casting: Stone Arrow (dangerous; 12% risk of failure)
Confirm with . or Enter, or press ? or * to list all spells.
Aiming: Stone Arrow (dangerous; 12% risk of failure)
Press: ? - help, Shift-Dir - straight line, f - Dowan
Aim: Dowan, wielding a +0 dagger and wearing a +0 robe (severely wounded, fast, 56% to hit)
The stone arrow hits Dowan!
Dowan is almost dead.
Dowan casts a spell at you. The shard of ice hits you!
You die...
Your body crumbles into a pile of gold.

### ##.# #### ...# #..
##.# #.#
##.#############.#####
...............e@$...#
##............##.###.#
###........##.##.#
...........##.##.#
.##............#.#
....##...........#
....##............
....##...........#
.......######.#.


You could see Dowan (fast).

Vanquished Creatures
  Menkaure (D:5)
  Duvessa (D:5)
  A sky beast (D:6)
  A black bear (D:4)
  A phantom (D:5)
  A scorpion (D:4)
  A water moccasin zombie (D:6)
  A centaur zombie (D:6)
  A jelly (D:4)
  An orc priest (D:6)
  2 hounds
  Jessica (D:3)
  2 iguanas (D:4)
  An orc wizard (D:6)
  A scorpion zombie (D:5)
  A hound skeleton (D:4)
  3 gnolls (D:5)
  9 adders
  An adder zombie (D:5)
  A worm (D:2)
  2 dart slugs (D:1)
  10 orcs
  10 ball pythons
  5 bats
  5 endoplasms
  7 goblins
  7 hobgoblins
  12 jackals
  3 quokkas
  8 frilled lizards
  5 kobolds
  5 rats
111 creatures vanquished.

Vanquished Creatures (others)
  A fungus (D:3)
1 creature vanquished.

Grand Total: 112 creatures vanquished

Notes
Turn   | Place    | Note
-------+----------+-------------------------------------------
     0 | D:1      | DuloT34 the Octopode Earth Elementalist began the quest for
                  | the Orb.
     0 | D:1      | Reached XP level 1. HP: 11/11 MP: 3/3
   138 | D:1      | Reached XP level 2. HP: 11/17 MP: 1/5
   572 | D:1      | Reached XP level 3. HP: 9/21 MP: 3/6
   797 | D:1      | Learned a level 3 spell: Stone Arrow
   800 | D:1      | Learned a level 2 spell: Passwall
  1523 | D:2      | Identified the +5 long sword "Gaxoton" {speed, Str+2}
  1627 | D:2      | Reached XP level 4. HP: 27/27 MP: 6/8
  2412 | D:3      | Found an iron altar of Okawaru.
  2530 | D:3      | Reached skill level 1 in Fighting
  2530 | D:3      | Reached XP level 5. HP: 33/33 MP: 1/9
  3276 | D:3      | Noticed Jessica
  3290 | D:3      | Killed Jessica
  3666 | D:3      | Found a burning altar of Makhleb.
  3800 | D:3      | Found a faded altar of an unknown god.
  3806 | D:3      | Got Plato's Disquisition on Poison
  3812 | D:3      | Learned a level 4 spell: Petrify
  4116 | D:4      | Reached XP level 6. HP: 39/39 MP: 7/11
  4931 | D:4      | Noticed a black bear
  5507 | D:4      | Killed a black bear
  5508 | D:4      | Reached XP level 7. HP: 45/45 MP: 2/12
  5924 | D:5      | Entered Level 5 of the Dungeon
  5926 | D:5      | Found an ancient bone altar of Kikubaaqudgha.
  6099 | D:5      | Noticed Menkaure
  6143 | D:5      | Killed Menkaure
  6144 | D:5      | Reached skill level 5 in Earth Magic
  6232 | D:5      | Found a staircase to the Ecumenical Temple.
  6613 | D:6      | Found a stormy altar of Qazlal.
  6649 | D:6      | Reached XP level 8. HP: 43/53 MP: 4/14
  6756 | Temple   | Entered the Ecumenical Temple
  6814 | Temple   | Became a worshipper of Gozag Ym Sagoz the Greedy
  6845 | D:6      | Reached skill level 5 in Dodging
  7233 | D:5      | Noticed Dowan
  7236 | D:5      | Noticed Duvessa
  7249 | D:5      | Killed Duvessa
  7252 | D:5      | Killed from afar by Dowan

Illustrated notes

Levels and vault maps discovered:
D:1:      dpeg_arrival_snail, layout_basic
D:2:      layout_basic
D:3:      layout_loops_corners, okawaru_gym_becter, lemuel_round_altar,
          shapermc_ecumenical_altar_rom_forum, minmay_shallow_snake_nest,
          uniq_jessica
D:4:      layout_basic, minmay_checkerbox
D:5:      layout_basic, mainiacjoe_overflow_tiny_flanked,
          minmay_temple_entry_from_below_a, serial_bayou_pond_e, uniq_duvessa,
          uniq_ijyb, uniq_menkaure
D:6:      layout_loops_ring, nicolae_qazlal_scattered_showers,
          nicolae_ru_awakened_eye, kb_xom_exploding_sheep, zin_scriptorium,
          minivault_4
Temple:   oiseaux_autumnal_temple

Skill      XL: |  1  2  3  4  5  6  7  8 |
---------------+-------------------------+-----
Dodging        | 3 4 5 |  5.2
Spellcasting   | 3 4 |  4.8
Fighting       | 1 2 3 4 |  4.1
Earth Magic    | 4 5 |  5.6
Stealth        | |  2.6
Transmutations | |  1.0

Action                   |  1- 3 |  4- 6 |  7- 9 || total
-------------------------+-------+-------+-------++-------
Melee: Unarmed           |    30 |       |       ||    30
       Constrict         |     9 |    14 |     8 ||    31
       Tentacles         |     8 |     9 |     3 ||    20
       Long sword        |       |    62 |    39 ||   101
       Punch             |       |       |     2 ||     2
Throw: Boomerang         |       |     3 |       ||     3
 Cast: Sandblast         |    36 |    29 |    17 ||    82
       Stone Arrow       |     1 |    11 |    17 ||    29
       Petrify           |       |     1 |     1 ||     2
  Use: Scroll            |     2 |     2 |       ||     4
 Stab: Sleeping          |     2 |     3 |     1 ||     6
       Petrified         |       |       |     7 ||     7
Armor: Skin              |     1 |     5 |     2 ||     8
Dodge: Dodged            |    24 |    41 |    23 ||    88
